 Dungeon Crawl Stone Soup version 0.23.2-1-ga50397a6bc (webtiles) character file.

Game seed: 7154097830803860434

59 Peloso the Covered (level 3, -6/33 HPs)
             Began as a Minotaur Fighter on Apr 22, 2019.
             Mangled by a gnoll
             ... wielding a +0 spear
              (7 damage)
             ... on level 2 of the Dungeon.
             The game lasted 00:01:30 (1405 turns).

Peloso the Covered (Minotaur Fighter)               Turns: 1405, Time: 00:01:31

Health: -6/33      AC:  7    Str: 20    XL:     3   Next: 78%
Magic:  2/2        EV:  7    Int:  5    God:
Gold:   42         SH:  9    Dex: 10    Spells: 2/2 levels left

rFire    . . .     SeeInvis .   a - +0 long sword
rCold    . . .     Gourm    .   c - +0 shield
rNeg     . . .     Faith    .   b - +0 scale mail
rPois    .         Spirit   .   (helmet restricted)
rElec    .         Reflect  .   (no cloak)
rCorr    .         Harm     .   (no gloves)
MR       .....                  (no boots)
Stlth    ..........             (no amulet)
HPRegen  0.11/turn              (no ring)
MPRegen  0.08/turn              (no ring)

@: no status effects
A: retaliatory headbutt, horns 2
a: no special abilities


You were on level 2 of the Dungeon.
You were hungry.

You visited 1 branch of the dungeon, and saw 2 of its levels.

You collected 42 gold pieces.

Inventory:

Hand Weapons
 a - a +0 long sword (weapon)
Armour
 b - a +0 scale mail (worn)
 c - a +0 shield (worn)
Jewellery
 r - an uncursed ring of protection from fire {unknown}
 s - a +2 ring of evasion {unknown}
Scrolls
 e - a scroll of fear {unknown}
 h - a scroll of enchant weapon {unknown}
 i - a scroll of enchant armour {unknown}
 k - 3 scrolls of identify {unknown}
 l - 2 scrolls of teleportation {unknown}
 m - a scroll of blinking {unknown}
 o - a scroll of remove curse {unknown}
 p - a scroll of noise {unknown}
Potions
 d - a potion of might
 g - a potion of berserk rage {unknown}
 j - 2 potions of curing {unknown}
 n - a potion of agility {unknown}
 q - a potion of degeneration {unknown}
Comestibles
 f - 4 rations


   Skills:
 + Level 4.1 Fighting
 + Level 3.1 Long Blades
 + Level 4.6 Armour
 + Level 0.1 Dodging
 + Level 4.1 Shields


You had 2 spell levels left.
You didn't know any spells.
Your spell library was empty.

Dungeon Overview and Level Annotations

Branches:
Dungeon (2/15)

Altars:


Innate Abilities, Weirdness & Mutations

You reflexively headbutt those who attack you in melee.
You have a pair of horns on your head.


Message History

Your Long Blades skill increases to level 3!
You block the gnoll's attack. You block the gnoll's attack. x2
You see here a gnoll corpse.
You hit the gnoll but do no damage.
The gnoll hits you from afar with a +0 spear!
You block the gnoll's attack. The gnoll barely misses you.
You closely miss the gnoll. The gnoll hits you but does no damage.
The gnoll hits you from afar with a +0 spear.
You hit the gnoll. You headbutt the gnoll.
The gnoll is severely wounded.
The gnoll hits you with a +0 halberd.
* * * LOW HITPOINT WARNING * * *
The gnoll barely misses you.
You hit the gnoll.
The gnoll is severely wounded.
You block the gnoll's attack. The gnoll hits you with a +0 halberd.
* * * LOW HITPOINT WARNING * * *
The gnoll hits you from afar with a +0 spear!
You die...

.# .# .# .. ###.# ....
... .#.## #.# ...# ###
####.# #..# #.. ..#†#
#..# #<# #.#@#
#..#####.####.#g#
#..##.##.##...Kg####
##.#....#.##........#
#.###..........####.#
##.#.#.##......)....####
##.#...#####.##S.[.....
###...# #.##.##.####
#...# #.##)g#...##


You could see 2 gnolls and a kobold.

Vanquished Creatures
  An adder (D:2)
  A gnoll (D:2)
  A dart slug (D:1)
  A leopard gecko (D:1)
  2 bats
  A giant cockroach (D:1)
  4 goblins
  7 hobgoblins (D:1)
  10 kobolds
  A ball python (D:2)
  3 frilled lizards
  2 rats (D:1)
34 creatures vanquished.

Vanquished Creatures (others)
  4 toadstools (D:1)
4 creatures vanquished.

Grand Total: 38 creatures vanquished

Notes
Turn   | Place    | Note
-------+----------+-------------------------------------------
     0 | D:1      | Peloso the Minotaur Fighter began the quest for the Orb.
     0 | D:1      | Reached XP level 1. HP: 19/19 MP: 0/0
   123 | D:1      | Reached XP level 2. HP: 22/27 MP: 1/1
   668 | D:1      | Reached XP level 3. HP: 31/33 MP: 2/2
  1405 | D:2      | HP: 1/33 [gnoll/+0 halberd (6)]
  1405 | D:2      | Mangled by a gnoll

Skill      XL: |  1  2  3 |
---------------+----------+-----
Fighting       | 4 |  4.1
Armour         | 4 |  4.6
Shields        | 4 |  4.1
Long Blades    | 3 |  3.1
Dodging        | |  0.1

Action                   || total
-------------------------++-------
Melee: Long sword        ||    63
       Headbutt          ||    14
  Eat: Chunk             ||     1
Armor: Scale mail        ||    22
Dodge: Dodged            ||    26
Block: Shield            ||    32
       Rpst.: Long sword ||     7
